Canucks vs Blue Jackets
Created - 14 décembre 2014 at 19:16
Goals
|
| Canucks |
1 |
0 |
2 |
0 |
2 |
4 |
| Blue Jackets |
0 |
2 |
1 |
0 |
0 |
3 |
|
Shots
|
| Canucks |
13 |
13 |
13 |
0 |
3 |
39 |
| Blue Jackets |
8 |
12 |
10 |
0 |
2 |
30 |
|
1st period
1. Canucks , Nils Ekman 1 (Andy Rogers) at 17:38
Penalties :
No Penalty
2nd period
2. Blue Jackets , David Booth 23 (Marc Savard, Pavel Bure) at 3:28
3. Blue Jackets , David Booth 24 (Pavel Bure) at 5:16
Penalties :
No Penalty
3rd period
4. Canucks , Matt Stajan 14 (Nikolai Zherdev, Kim Johnsson) at 16:43
5. Canucks , Nikolai Zherdev 5 (Steve Montador, Alex Goligoski) at 17:37
6. Blue Jackets , Ramzi Abid 15 (Blake Wheeler, Brad Stuart) at 17:53
Penalties :
Pavel Bure (Clb) for Roughing (Minor) at 7:01
Overtime #1
No Goal
Penalties :
No Penalty
Shootout
Penalty Shot by Matt Stajan for Canucks - Goal!
Penalty Shot by Marc Savard for Blue Jackets - Stopped by Carey Price
Penalty Shot by Peter Worrell for Canucks - Shot Hit the Post
Penalty Shot by David Booth for Blue Jackets - Shot Misses the Net
Penalty Shot by Clarke MacArthur for Canucks - Goal!
Penalties :
No Penalty
Goalie Stats
Carey Price (Van), 27 saves from 30 shots - (0,900), W, 18-13-3, 65:00 minutes
Rick DiPietro (Clb), 36 saves from 39 shots - (0,923), OTL, 16-8-4, 65:00 minutes
Players Stats for Canucks
Player Name G A P +/- PIM S H SB GA TA FO MP PP MP PK MP
------------------------------------------------------------------------------------
Alex Goligoski 0 1 1 1 0 4 3 0 1 0 0/0 28:29 1:15 0:00
Alex Tanguay 0 0 0 0 0 2 1 0 0 0 1/1 14:00 0:00 0:00
Andy Rogers 0 1 1 0 0 0 1 1 0 1 0/0 14:25 0:00 0:00
Clarke MacArthur 0 0 0 -2 0 3 3 0 1 0 0/2 18:48 0:59 0:00
David Jones 0 0 0 -2 0 6 3 0 2 0 1/2 17:46 0:59 0:00
Jeremy Williams 0 0 0 0 0 0 1 0 0 0 1/1 12:17 0:00 0:00
Joe Sakic 0 0 0 -2 0 1 2 1 0 0 3/8 19:11 0:59 0:00
Karl Alzner 0 0 0 -1 0 0 0 1 0 1 0/0 22:08 0:44 0:00
Kim Johnsson 0 1 1 -1 0 1 1 1 2 0 0/0 22:08 0:44 0:00
Matt Stajan 1 0 1 1 0 3 4 0 1 0 14/29 23:46 1:00 0:00
Maxim Lapierre 0 0 0 0 0 3 1 0 2 0 3/7 13:36 0:00 0:00
Nikolai Zherdev 1 1 2 1 0 8 1 0 1 0 1/4 21:27 1:00 0:00
Nils Ekman 1 0 1 1 0 1 2 0 0 1 0/0 8:10 0:00 0:00
Peter Worrell 0 0 0 1 0 4 4 0 0 0 2/3 23:46 1:00 0:00
Ryan Craig 0 0 0 1 0 2 0 0 0 0 0/0 8:10 0:00 0:00
Sami Lepisto 0 0 0 0 0 0 0 1 0 1 0/0 14:19 0:00 0:00
Steve Montador 0 1 1 1 0 1 5 0 0 1 0/0 28:31 1:15 0:00
Steve Ott 0 0 0 1 0 0 0 0 0 0 0/0 9:03 0:00 0:00
Players Stats for Blue Jackets
Player Name G A P +/- PIM S H SB GA TA FO MP PP MP PK MP
------------------------------------------------------------------------------------
A.J Thelen 0 0 0 0 0 0 0 3 0 0 0/0 15:08 0:00 0:00
Adam Deadmarsh 0 0 0 0 0 2 1 0 0 1 1/2 13:14 0:00 0:00
Blake Wheeler 0 1 1 1 0 3 2 1 1 1 0/1 17:48 0:00 0:32
Brad Stuart 0 1 1 0 0 2 4 1 0 0 0/0 21:45 0:00 0:49
Chris Kelly 0 0 0 1 0 0 3 0 0 1 3/5 16:32 0:00 0:31
Dave Steckel 0 0 0 -1 0 1 0 0 0 0 0/2 8:52 0:00 0:00
David Booth 2 0 2 0 0 4 1 1 0 0 3/4 22:50 0:00 0:57
François Beauchemin 0 0 0 0 0 0 1 2 0 0 0/0 21:45 0:00 0:49
Jan Bulis 0 0 0 0 0 2 2 0 0 1 1/4 14:35 0:00 0:00
Jason Ward 0 0 0 -1 0 1 0 0 0 1 0/0 8:52 0:00 0:00
Jeff Taffe 0 0 0 -1 0 0 1 0 0 0 0/0 10:17 0:00 0:42
Kevin Bieksa 0 0 0 0 0 1 2 1 0 2 0/0 28:05 0:00 1:10
Marc Savard 0 1 1 0 0 5 1 0 0 1 20/35 23:06 0:00 1:02
Marcus Nilson 0 0 0 0 0 1 2 0 0 0 0/0 15:03 0:00 0:14
Mike Commodore 0 0 0 0 0 1 0 0 1 1 0/0 15:12 0:00 0:00
Pavel Bure 0 2 2 0 2 2 3 0 1 0 3/4 20:50 0:00 0:00
Ramzi Abid 1 0 1 1 0 2 1 1 0 0 0/0 16:01 0:00 0:00
Wade Redden 0 0 0 0 0 3 2 1 2 1 0/0 28:05 0:00 1:10
3 Stars
1 - David Booth (Clb)
2 - Nikolai Zherdev (Van)
3 - Matt Stajan (Van)
Power Play
Canucks - 0 on 1 Attempt(s) - 0,00%
Blue Jackets - 0 on 0 Attempt(s) - 0,00%
Penalty Kill
Canucks - 0 on 0 Attempt(s) - 0,00%
- Score 0 goal in Penalty Kill
Blue Jackets - 1 on 1 Attempt(s) - 100,00%
- Score 0 goal in Penalty Kill
Official
Referees : Rehman Kyle and Sutherland Kelly
Linesman : Jonny Murray and Dan Schachte
Game Notes
No Game Note
Finance
Level 1 -- Attendance: 4736 (78,93%) -- Ticket Income 426 240 $
Level 2 -- Attendance: 4004 (80,08%) -- Ticket Income 220 220 $
Level 3 -- Attendance: 1950 (97,50%) -- Ticket Income 58 500 $
Level 4 -- Attendance: 3642 (91,05%) -- Ticket Income 72 840 $
Luxury Box -- Attendance: 660 (66,00%) -- Ticket Income 122 100 $
Game was played at the Ohio State Arena
Total Attendance: 14992 (83,29%)
Total Ticket Income: 899 900 $
Other Income: 134 985 $
Total Income: 1 034 885 $
Canucks
5 vs 5 Forward
Center Left Wing Right Wing Time % Phy DF OF
1 Matt Stajan Peter Worrell Nikolai Zherdev 40 1 2 2
2 Joe Sakic Clarke MacArthur David Jones 30 1 2 2
3 Maxim Lapierre Alex Tanguay Jeremy Williams 20 1 2 2
4 Ryan Craig Steve Ott Nils Ekman 10 1 2 2
5 vs 5 Defense
Defense Defense Time % Phy DF OF
1 Steve Montador Alex Goligoski 40 1 2 2
2 Kim Johnsson Karl Alzner 30 1 2 2
3 Sami Lepisto Andy Rogers 20 1 2 2
4 Steve Montador Alex Goligoski 10 1 2 2
PowerPlay Forward
Center Left Wing Right Wing Time % Phy DF OF
1 Matt Stajan Peter Worrell Nikolai Zherdev 60 1 2 2
2 Joe Sakic Clarke MacArthur David Jones 40 1 2 2
PowerPlay Defense
Defense Defense Time % Phy DF OF
1 Steve Montador Alex Goligoski 60 1 2 2
2 Kim Johnsson Karl Alzner 40 1 2 2
Penalty Kill 4 Players Forward
Center Wing Time % Phy DF OF
1 Matt Stajan Peter Worrell 60 1 2 2
2 Clarke MacArthur Joe Sakic 40 1 2 2
Penalty Kill 4 Players Defense
Defense Defense Time % Phy DF OF
1 Steve Montador Alex Goligoski 60 1 2 2
2 Kim Johnsson Karl Alzner 40 1 2 2
Penalty Kill - 3 Players Forward
Forward Time % Phy DF OF
1 Matt Stajan 60 1 2 2
2 Peter Worrell 40 1 2 2
Penalty Kill - 3 Players Defense
Defense Defense Time % Phy DF OF
1 Steve Montador Alex Goligoski 60 1 2 2
2 Kim Johnsson Karl Alzner 40 1 2 2
4 vs 4 Forward
Center Wing Time % Phy DF OF
1 Matt Stajan Peter Worrell 60 1 2 2
2 Clarke MacArthur Joe Sakic 40 1 2 2
4 vs 4 Defense
Defense Defense Time % Phy DF OF
1 Steve Montador Alex Goligoski 60 1 2 2
2 Kim Johnsson Karl Alzner 40 1 2 2
Last Minutes Offensive
Center Left Wing Right Wing Defense Defense
Matt Stajan Peter Worrell Nikolai Zherdev Steve Montador Alex Goligoski
Last Minutes Defensive
Center Left Wing Right Wing Defense Defense
Matt Stajan Peter Worrell Nikolai Zherdev Steve Montador Alex Goligoski
Goaltenders
Starting : Carey Price
Backup : José Theodore
Extra Forwards
Normal : Alex Tanguay, Maxim Lapierre, Steve Ott - PP : Alex Tanguay, Maxim Lapierre - PK : Steve Ott
Extra Defensemen
Normal : Sami Lepisto, Andy Rogers, Kim Johnsson - PP : Sami Lepisto - PK : Andy Rogers, Kim Johnsson
Penalty Shots
Matt Stajan, Peter Worrell, Clarke MacArthur, Joe Sakic, Alex Tanguay
Blue Jackets
5 vs 5 Forward
Center Left Wing Right Wing Time % Phy DF OF
1 Marc Savard David Booth Pavel Bure 40 1 2 2
2 Chris Kelly Ramzi Abid Blake Wheeler 30 1 2 2
3 Jan Bulis Marcus Nilson Adam Deadmarsh 20 1 2 2
4 Dave Steckel Jeff Taffe Jason Ward 10 1 2 2
5 vs 5 Defense
Defense Defense Time % Phy DF OF
1 Wade Redden Kevin Bieksa 40 1 2 2
2 François Beauchemin Brad Stuart 30 1 2 2
3 Mike Commodore A.J Thelen 20 1 2 2
4 Wade Redden Kevin Bieksa 10 1 2 2
PowerPlay Forward
Center Left Wing Right Wing Time % Phy DF OF
1 Marc Savard David Booth Pavel Bure 60 1 2 2
2 Chris Kelly Ramzi Abid Blake Wheeler 40 1 2 2
PowerPlay Defense
Defense Defense Time % Phy DF OF
1 Wade Redden Kevin Bieksa 60 1 2 2
2 François Beauchemin Brad Stuart 40 1 2 2
Penalty Kill 4 Players Forward
Center Wing Time % Phy DF OF
1 Marc Savard David Booth 60 1 2 2
2 Pavel Bure Blake Wheeler 40 1 2 2
Penalty Kill 4 Players Defense
Defense Defense Time % Phy DF OF
1 Wade Redden Kevin Bieksa 60 1 2 2
2 François Beauchemin Brad Stuart 40 1 2 2
Penalty Kill - 3 Players Forward
Forward Time % Phy DF OF
1 Marc Savard 60 1 2 2
2 David Booth 40 1 2 2
Penalty Kill - 3 Players Defense
Defense Defense Time % Phy DF OF
1 Wade Redden Kevin Bieksa 60 1 2 2
2 François Beauchemin Brad Stuart 40 1 2 2
4 vs 4 Forward
Center Wing Time % Phy DF OF
1 Marc Savard David Booth 60 1 2 2
2 Pavel Bure Blake Wheeler 40 1 2 2
4 vs 4 Defense
Defense Defense Time % Phy DF OF
1 Wade Redden Kevin Bieksa 60 1 2 2
2 François Beauchemin Brad Stuart 40 1 2 2
Last Minutes Offensive
Center Left Wing Right Wing Defense Defense
Marc Savard David Booth Pavel Bure Wade Redden Kevin Bieksa
Last Minutes Defensive
Center Left Wing Right Wing Defense Defense
Marc Savard David Booth Pavel Bure Wade Redden Kevin Bieksa
Goaltenders
Starting : Rick DiPietro
Backup : Mathieu Garon
Extra Forwards
Normal : Jan Bulis, Marcus Nilson, Jeff Taffe - PP : Jan Bulis, Marcus Nilson - PK : Jeff Taffe
Extra Defensemen
Normal : Mike Commodore, A.J Thelen, François Beauchemin - PP : Mike Commodore - PK : A.J Thelen, François Beauchemin
Penalty Shots
Marc Savard, David Booth, Pavel Bure, Blake Wheeler, Chris Kelly
% Time on Ice - Canucks
Lines # - Real PCT - Wanted PCT - Time Play
Normal Forward
1 - 36% - 40% - 20:47
2 - 29% - 30% - 16:47
3 - 21% - 20% - 12:17
4 - 14% - 10% - 8:10
Normal Defense
1 - 36% - 40% - 20:44
2 - 34% - 30% - 19:31
3 - 24% - 20% - 13:50
4 - 7% - 10% - 3:56
PP Forward
1 - 50% - 60% - 1:00
2 - 50% - 40% - 0:59
PP Defense
1 - 63% - 60% - 1:15
2 - 37% - 40% - 0:44
PK Forward
1 - 0% - 60%
2 - 0% - 40%
PK Defense
1 - 0% - 60%
2 - 0% - 40%
PK3 Forward
1 - 0% - 60%
2 - 0% - 40%
PK3 Defense
1 - 0% - 60%
2 - 0% - 40%
44 Forward
1 - 79% - 60% - 3:58
2 - 21% - 40% - 1:02
44 Defense
1 - 53% - 60% - 2:38
2 - 47% - 40% - 2:22
Last Minute Offensive - 0:00
Last Minute Defensive - 0:00
Total
Forward - 65:00
Defense - 65:00
|
% Time on Ice - Blue Jackets
Lines # - Real PCT - Wanted PCT - Time Play
Normal Forward
1 - 35% - 40% - 20:08
2 - 28% - 30% - 16:01
3 - 22% - 20% - 13:00
4 - 15% - 10% - 8:52
Normal Defense
1 - 36% - 40% - 20:59
2 - 32% - 30% - 18:24
3 - 26% - 20% - 15:08
4 - 6% - 10% - 3:30
PP Forward
1 - 0% - 60%
2 - 0% - 40%
PP Defense
1 - 0% - 60%
2 - 0% - 40%
PK Forward
1 - 73% - 60% - 1:27
2 - 27% - 40% - 0:32
PK Defense
1 - 59% - 60% - 1:10
2 - 41% - 40% - 0:49
PK3 Forward
1 - 0% - 60%
2 - 0% - 40%
PK3 Defense
1 - 0% - 60%
2 - 0% - 40%
44 Forward
1 - 75% - 60% - 3:45
2 - 25% - 40% - 1:15
44 Defense
1 - 49% - 60% - 2:28
2 - 51% - 40% - 2:32
Last Minute Offensive - 0:00
Last Minute Defensive - 0:00
Total
Forward - 65:00
Defense - 65:00
|
Play by Play
1st period
0:01 of 1st period - Marc Savard wins face-off versus Matt Stajan in neutral zone.
0:12 of 1st period - Snap shot by Kevin Bieksa.
0:12 of 1st period - Stopped by Carey Price without a rebound.
0:13 of 1st period - Chris Kelly wins face-off versus David Jones in Canucks zone.
0:38 of 1st period - Maxim Lapierre is hit by Jan Bulis and loses puck.
0:54 of 1st period - Icing by Karl Alzner.
0:55 of 1st period - Maxim Lapierre wins face-off versus Marc Savard in Canucks zone.
0:55 of 1st period - Maxim Lapierre is hit by Marc Savard.
1:26 of 1st period - Slapshot by Nils Ekman.
1:26 of 1st period - Deflect By Ryan Craig.
1:26 of 1st period - Stopped by Rick DiPietro with a rebound.
1:28 of 1st period - Slapshot by Kim Johnsson.
1:28 of 1st period - Shot Misses the Net.
1:30 of 1st period - Snap shot by Nils Ekman.
1:30 of 1st period - Shot Blocked by Kevin Bieksa.
1:32 of 1st period - Slapshot by Kim Johnsson.
1:32 of 1st period - Stopped by Rick DiPietro with a rebound.
2:03 of 1st period - A.J Thelen is hit by Jeremy Williams and loses puck.
3:51 of 1st period - Marc Savard is hit by Peter Worrell and loses puck.
4:33 of 1st period - Slapshot by Kevin Bieksa.
4:33 of 1st period - Shot Misses the Net.
4:55 of 1st period - Adam Deadmarsh is hit by Steve Montador and loses puck.
5:40 of 1st period - Marcus Nilson is hit by David Jones and loses puck.
5:59 of 1st period - Slapshot by Adam Deadmarsh.
5:59 of 1st period - Stopped by Carey Price without a rebound.
6:00 of 1st period - David Booth wins face-off versus Maxim Lapierre in Canucks zone.
6:10 of 1st period - Slapshot by Sami Lepisto.
6:10 of 1st period - Shot Blocked by David Booth.
6:12 of 1st period - Snap shot by Jeremy Williams.
6:12 of 1st period - Deflect By A.J Thelen.
6:12 of 1st period - Shot Misses the Net.
6:12 of 1st period - Puck is out of play.
6:13 of 1st period - Marc Savard wins face-off versus Matt Stajan in Blue Jackets zone.
6:13 of 1st period - Marc Savard is hit by Alex Goligoski.
6:39 of 1st period - David Jones is hit by Wade Redden and loses puck.
6:50 of 1st period - Wade Redden is hit by Clarke MacArthur.
7:04 of 1st period - Snap shot by Wade Redden.
7:04 of 1st period - Stopped by Carey Price without a rebound.
7:05 of 1st period - Nikolai Zherdev wins face-off versus Dave Steckel in Canucks zone.
7:35 of 1st period - Wrist shot by Joe Sakic.
7:35 of 1st period - Stopped by Rick DiPietro with a rebound.
7:37 of 1st period - Slapshot by Steve Montador.
7:37 of 1st period - Shot Blocked by A.J Thelen.
7:39 of 1st period - Slapshot by Alex Goligoski.
7:39 of 1st period - Deflect By David Booth.
7:39 of 1st period - Stopped by Rick DiPietro with a rebound.
8:11 of 1st period - Andy Rogers is hit by Jan Bulis and loses puck.
8:24 of 1st period - Karl Alzner is hit by Wade Redden and loses puck.
8:45 of 1st period - Wrist shot by Nikolai Zherdev.
8:45 of 1st period - Stopped by Rick DiPietro without a rebound.
8:46 of 1st period - Marc Savard wins face-off versus Clarke MacArthur in Blue Jackets zone.
8:51 of 1st period - David Jones is hit by Pavel Bure and loses puck.
10:02 of 1st period - Snap shot by Ryan Craig.
10:02 of 1st period - Shot Blocked by François Beauchemin.
10:22 of 1st period - Slapshot by Alex Goligoski.
10:22 of 1st period - Stopped by Rick DiPietro with a rebound.
10:24 of 1st period - Slapshot by Joe Sakic.
10:24 of 1st period - Shot Misses the Net.
11:16 of 1st period - Wrist shot by David Jones.
11:16 of 1st period - Stopped by Rick DiPietro without a rebound.
11:17 of 1st period - Adam Deadmarsh wins face-off versus Joe Sakic in Blue Jackets zone.
11:28 of 1st period - Mike Commodore is hit by David Jones and loses puck.
11:44 of 1st period - Jan Bulis is hit by David Jones and loses puck.
11:53 of 1st period - Slapshot by David Jones.
11:53 of 1st period - Stopped by Rick DiPietro without a rebound.
11:54 of 1st period - Marc Savard wins face-off versus Matt Stajan in Blue Jackets zone.
11:54 of 1st period - Marc Savard is hit by Matt Stajan.
12:00 of 1st period - Snap shot by Kevin Bieksa.
12:00 of 1st period - Shot Misses the Net.
12:02 of 1st period - Snap shot by Wade Redden.
12:02 of 1st period - Deflect By Nikolai Zherdev.
12:02 of 1st period - Stopped by Carey Price with a rebound.
12:04 of 1st period - Wrist shot by Marc Savard.
12:04 of 1st period - Stopped by Carey Price without a rebound.
12:05 of 1st period - Matt Stajan wins face-off versus Marc Savard in Canucks zone.
12:07 of 1st period - Nikolai Zherdev is hit by Pavel Bure and loses puck.
12:54 of 1st period - Dave Steckel is hit by Steve Montador and loses puck.
13:38 of 1st period - Kevin Bieksa is hit by Nils Ekman.
14:08 of 1st period - Chris Kelly is hit by Andy Rogers.
14:20 of 1st period - Off-side.
14:21 of 1st period - Pavel Bure wins face-off versus Matt Stajan in neutral zone.
14:38 of 1st period - Brad Stuart is hit by Peter Worrell.
15:08 of 1st period - Snap shot by Dave Steckel.
15:08 of 1st period - Stopped by Carey Price without a rebound.
15:09 of 1st period - Alex Tanguay wins face-off versus Dave Steckel in Canucks zone.
15:20 of 1st period - Slapshot by Maxim Lapierre.
15:20 of 1st period - Shot Blocked by A.J Thelen.
15:22 of 1st period - Slapshot by Sami Lepisto.
15:22 of 1st period - Deflect By Maxim Lapierre.
15:22 of 1st period - Shot Misses the Net.
15:22 of 1st period - Puck is out of play.
15:23 of 1st period - Matt Stajan wins face-off versus Marc Savard in Blue Jackets zone.
15:26 of 1st period - Backhand shot by Peter Worrell.
15:26 of 1st period - Shot Misses the Net.
15:28 of 1st period - Wrist shot by Peter Worrell.
15:28 of 1st period - Stopped by Rick DiPietro with a rebound.
15:30 of 1st period - Snap shot by Nikolai Zherdev.
15:30 of 1st period - Stopped by Rick DiPietro without a rebound.
15:31 of 1st period - Marc Savard wins face-off versus Matt Stajan in Blue Jackets zone.
15:36 of 1st period - Slapshot by Kevin Bieksa.
15:36 of 1st period - Shot Misses the Net.
16:08 of 1st period - Snap shot by Blake Wheeler.
16:08 of 1st period - Stopped by Carey Price without a rebound.
16:09 of 1st period - Marc Savard wins face-off versus Nikolai Zherdev in Canucks zone.
16:57 of 1st period - Jan Bulis is hit by Maxim Lapierre.
17:27 of 1st period - David Booth is hit by Steve Montador and loses puck.
17:38 of 1st period - Wrist shot by Nils Ekman.
17:38 of 1st period - Goal by Nils Ekman - Canucks : 1 - Blue Jackets : 0.
17:39 of 1st period - Marc Savard wins face-off versus Matt Stajan in neutral zone.
17:50 of 1st period - Slapshot by Nikolai Zherdev.
17:50 of 1st period - Stopped by Rick DiPietro without a rebound.
17:51 of 1st period - Matt Stajan wins face-off versus Marc Savard in Blue Jackets zone.
17:54 of 1st period - Wrist shot by Nikolai Zherdev.
17:54 of 1st period - Stopped by Rick DiPietro with a rebound.
18:04 of 1st period - Wrist shot by Marc Savard.
18:04 of 1st period - Shot Misses the Net.
18:06 of 1st period - Wrist shot by Pavel Bure.
18:06 of 1st period - Stopped by Carey Price with a rebound.
18:32 of 1st period - Wrist shot by Matt Stajan.
18:32 of 1st period - Shot Blocked by Wade Redden.
18:42 of 1st period - Snap shot by Nikolai Zherdev.
18:42 of 1st period - Shot Blocked by Ramzi Abid.
19:02 of 1st period - Slapshot by Alex Goligoski.
19:02 of 1st period - Deflect By Nikolai Zherdev.
19:02 of 1st period - Shot Misses the Net.
19:02 of 1st period - Puck is out of play.
19:03 of 1st period - Marc Savard wins face-off versus Joe Sakic in Blue Jackets zone.
19:09 of 1st period - Icing by A.J Thelen.
19:10 of 1st period - Marc Savard wins face-off versus Joe Sakic in Blue Jackets zone.
19:10 of 1st period - Marc Savard is hit by Alex Goligoski.
19:23 of 1st period - Off-side.
19:24 of 1st period - Maxim Lapierre wins face-off versus Marc Savard in neutral zone.
19:26 of 1st period - Alex Goligoski is hit by David Booth and loses puck.
Goals for this period are 1 for Canucks vs 0 for Blue Jackets.
Shots for this period are 13 for Canucks vs 8 for Blue Jackets.
2nd period
0:01 of 2nd period - Matt Stajan wins face-off versus Marc Savard in neutral zone.
0:04 of 2nd period - Snap shot by Nikolai Zherdev.
0:04 of 2nd period - Stopped by Rick DiPietro without a rebound.
0:05 of 2nd period - Matt Stajan wins face-off versus Marc Savard in Blue Jackets zone.
0:08 of 2nd period - Snap shot by Matt Stajan.
0:08 of 2nd period - Stopped by Rick DiPietro with a rebound.
0:10 of 2nd period - Slapshot by Steve Montador.
0:10 of 2nd period - Shot Misses the Net.
1:22 of 2nd period - Wrist shot by David Booth.
1:22 of 2nd period - Deflect By Marc Savard.
1:22 of 2nd period - Stopped by Carey Price with a rebound.
1:32 of 2nd period - Snap shot by Peter Worrell.
1:32 of 2nd period - Stopped by Rick DiPietro with a rebound.
1:55 of 2nd period - Wrist shot by Joe Sakic.
1:55 of 2nd period - Shot Blocked by A.J Thelen.
2:57 of 2nd period - Nikolai Zherdev is hit by Brad Stuart and loses puck.
3:08 of 2nd period - Wrist shot by Maxim Lapierre.
3:08 of 2nd period - Stopped by Rick DiPietro without a rebound.
3:09 of 2nd period - Maxim Lapierre wins face-off versus Chris Kelly in Blue Jackets zone.
3:12 of 2nd period - Backhand shot by Jeremy Williams.
3:12 of 2nd period - Shot Blocked by Blake Wheeler.
3:14 of 2nd period - Backhand shot by Sami Lepisto.
3:14 of 2nd period - Shot Misses the Net.
3:18 of 2nd period - Snap shot by Maxim Lapierre.
3:18 of 2nd period - Stopped by Rick DiPietro without a rebound.
3:19 of 2nd period - Marc Savard wins face-off versus Matt Stajan in Blue Jackets zone.
3:28 of 2nd period - Slapshot by David Booth.
3:28 of 2nd period - Goal by David Booth - Canucks : 1 - Blue Jackets : 1.
3:29 of 2nd period - Matt Stajan wins face-off versus David Booth in neutral zone.
3:36 of 2nd period - Snap shot by Matt Stajan.
3:36 of 2nd period - Shot Misses the Net.
4:00 of 2nd period - Snap shot by David Jones.
4:00 of 2nd period - Deflect By Ramzi Abid.
4:00 of 2nd period - Stopped by Rick DiPietro with a rebound.
4:02 of 2nd period - Wrist shot by David Jones.
4:02 of 2nd period - Stopped by Rick DiPietro with a rebound.
4:20 of 2nd period - Wrist shot by Marcus Nilson.
4:20 of 2nd period - Stopped by Carey Price without a rebound.
4:21 of 2nd period - Peter Worrell wins face-off versus Jan Bulis in Canucks zone.
4:36 of 2nd period - Peter Worrell is hit by Marcus Nilson and loses puck.
5:06 of 2nd period - Slapshot by Matt Stajan.
5:06 of 2nd period - Shot Hit the Post.
5:08 of 2nd period - Snap shot by Alex Goligoski.
5:08 of 2nd period - Stopped by Rick DiPietro with a rebound.
5:10 of 2nd period - Snap shot by Matt Stajan.
5:10 of 2nd period - Deflect By Nikolai Zherdev.
5:10 of 2nd period - Shot Misses the Net.
5:10 of 2nd period - Puck is out of play.
5:11 of 2nd period - Pavel Bure wins face-off versus Clarke MacArthur in Blue Jackets zone.
5:16 of 2nd period - Wrist shot by David Booth.
5:16 of 2nd period - Goal by David Booth - Canucks : 1 - Blue Jackets : 2.
5:17 of 2nd period - Joe Sakic wins face-off versus Pavel Bure in neutral zone.
5:30 of 2nd period - Snap shot by Marc Savard.
5:30 of 2nd period - Shot Misses the Net.
6:09 of 2nd period - Backhand shot by Nikolai Zherdev.
6:09 of 2nd period - Shot Blocked by François Beauchemin.
6:11 of 2nd period - Slapshot by Steve Montador.
6:11 of 2nd period - Shot Blocked by Brad Stuart.
6:31 of 2nd period - Alex Goligoski is hit by Brad Stuart and loses puck.
7:18 of 2nd period - Steve Montador is hit by Blake Wheeler and loses puck.
7:52 of 2nd period - Snap shot by David Jones.
7:52 of 2nd period - Stopped by Rick DiPietro without a rebound.
7:53 of 2nd period - Jan Bulis wins face-off versus Maxim Lapierre in Blue Jackets zone.
8:48 of 2nd period - Backhand shot by Jason Ward.
8:48 of 2nd period - Stopped by Carey Price with a rebound.
9:04 of 2nd period - Matt Stajan is hit by Chris Kelly and loses puck.
9:19 of 2nd period - Marcus Nilson is hit by Nils Ekman and loses puck.
10:21 of 2nd period - Icing by Mike Commodore.
10:22 of 2nd period - David Jones wins face-off versus Jan Bulis in Blue Jackets zone.
10:37 of 2nd period - Wade Redden is hit by Clarke MacArthur.
10:47 of 2nd period - François Beauchemin is hit by Alex Tanguay.
11:15 of 2nd period - Wrist shot by Peter Worrell.
11:15 of 2nd period - Shot Misses the Net.
11:17 of 2nd period - Slapshot by Matt Stajan.
11:17 of 2nd period - Stopped by Rick DiPietro without a rebound.
11:18 of 2nd period - Marc Savard wins face-off versus Nikolai Zherdev in Blue Jackets zone.
11:25 of 2nd period - Slapshot by Marc Savard.
11:25 of 2nd period - Shot Hit the Post.
11:29 of 2nd period - Snap shot by Marc Savard.
11:29 of 2nd period - Deflect By Pavel Bure.
11:29 of 2nd period - Stopped by Carey Price without a rebound.
11:30 of 2nd period - Marc Savard wins face-off versus Matt Stajan in Canucks zone.
11:35 of 2nd period - Snap shot by David Booth.
11:35 of 2nd period - Stopped by Carey Price with a rebound.
11:43 of 2nd period - Wrist shot by Marc Savard.
11:43 of 2nd period - Stopped by Carey Price without a rebound.
11:44 of 2nd period - Marc Savard wins face-off versus Matt Stajan in Canucks zone.
11:53 of 2nd period - Snap shot by David Booth.
11:53 of 2nd period - Shot Misses the Net.
12:22 of 2nd period - Steve Montador is hit by Blake Wheeler and loses puck.
12:35 of 2nd period - Steve Montador is hit by Brad Stuart and loses puck.
12:56 of 2nd period - Snap shot by Jeff Taffe.
12:56 of 2nd period - Shot Misses the Net.
13:14 of 2nd period - A.J Thelen is hit by Matt Stajan and loses puck.
14:23 of 2nd period - Wrist shot by Dave Steckel.
14:23 of 2nd period - Shot Misses the Net.
14:25 of 2nd period - Snap shot by Brad Stuart.
14:25 of 2nd period - Deflect By Dave Steckel.
14:25 of 2nd period - Shot Misses the Net.
14:25 of 2nd period - Puck is out of play.
14:26 of 2nd period - Peter Worrell wins face-off versus Marc Savard in Canucks zone.
14:28 of 2nd period - Icing by Nikolai Zherdev.
14:29 of 2nd period - Marc Savard wins face-off versus Matt Stajan in Canucks zone.
15:33 of 2nd period - Icing by Karl Alzner.
15:34 of 2nd period - Joe Sakic wins face-off versus Adam Deadmarsh in Canucks zone.
15:45 of 2nd period - Wrist shot by Jan Bulis.
15:45 of 2nd period - Stopped by Carey Price with a rebound.
15:47 of 2nd period - Slapshot by A.J Thelen.
15:47 of 2nd period - Shot Misses the Net.
16:06 of 2nd period - Snap shot by Maxim Lapierre.
16:06 of 2nd period - Stopped by Rick DiPietro without a rebound.
16:07 of 2nd period - David Booth wins face-off versus Maxim Lapierre in Blue Jackets zone.
16:16 of 2nd period - Alex Goligoski is hit by Pavel Bure and loses puck.
17:09 of 2nd period - Wrist shot by Clarke MacArthur.
17:09 of 2nd period - Stopped by Rick DiPietro with a rebound.
17:23 of 2nd period - Slapshot by Dave Steckel.
17:23 of 2nd period - Shot Misses the Net.
17:27 of 2nd period - Wrist shot by Jason Ward.
17:27 of 2nd period - Shot Misses the Net.
17:29 of 2nd period - Slapshot by Brad Stuart.
17:29 of 2nd period - Stopped by Carey Price with a rebound.
17:31 of 2nd period - Snap shot by Brad Stuart.
17:31 of 2nd period - Deflect By Sami Lepisto.
17:31 of 2nd period - Stopped by Carey Price without a rebound.
17:32 of 2nd period - Marc Savard wins face-off versus Matt Stajan in Canucks zone.
17:33 of 2nd period - Wrist shot by David Booth.
17:33 of 2nd period - Stopped by Carey Price without a rebound.
17:34 of 2nd period - Marc Savard wins face-off versus Nikolai Zherdev in Canucks zone.
18:46 of 2nd period - Snap shot by Clarke MacArthur.
18:46 of 2nd period - Stopped by Rick DiPietro without a rebound.
18:47 of 2nd period - Marc Savard wins face-off versus Joe Sakic in Blue Jackets zone.
18:47 of 2nd period - Marc Savard is hit by Clarke MacArthur.
19:01 of 2nd period - Slapshot by Pavel Bure.
19:01 of 2nd period - Shot Blocked by Joe Sakic.
19:19 of 2nd period - Off-side.
19:20 of 2nd period - Chris Kelly wins face-off versus Maxim Lapierre in neutral zone.
Goals for this period are 0 for Canucks vs 2 for Blue Jackets.
Shots for this period are 13 for Canucks vs 12 for Blue Jackets.
3rd period
0:01 of 3rd period - Matt Stajan wins face-off versus Marc Savard in neutral zone.
0:46 of 3rd period - Snap shot by Wade Redden.
0:46 of 3rd period - Stopped by Carey Price without a rebound.
0:47 of 3rd period - Jeremy Williams wins face-off versus Jan Bulis in Canucks zone.
0:56 of 3rd period - Slapshot by Alex Tanguay.
0:56 of 3rd period - Stopped by Rick DiPietro without a rebound.
0:57 of 3rd period - Matt Stajan wins face-off versus Marc Savard in Blue Jackets zone.
1:24 of 3rd period - Backhand shot by Alex Goligoski.
1:24 of 3rd period - Stopped by Rick DiPietro with a rebound.
3:14 of 3rd period - Wrist shot by Alex Tanguay.
3:14 of 3rd period - Stopped by Rick DiPietro with a rebound.
3:38 of 3rd period - Slapshot by Ryan Craig.
3:38 of 3rd period - Stopped by Rick DiPietro without a rebound.
3:39 of 3rd period - Matt Stajan wins face-off versus Blake Wheeler in Blue Jackets zone.
4:05 of 3rd period - Snap shot by Adam Deadmarsh.
4:05 of 3rd period - Stopped by Carey Price with a rebound.
4:07 of 3rd period - Slapshot by A.J Thelen.
4:07 of 3rd period - Shot Blocked by Sami Lepisto.
4:15 of 3rd period - Slapshot by Marcus Nilson.
4:15 of 3rd period - Shot Misses the Net.
4:17 of 3rd period - Slapshot by Mike Commodore.
4:17 of 3rd period - Shot Blocked by Andy Rogers.
5:13 of 3rd period - Kevin Bieksa is hit by Steve Montador and loses puck.
5:50 of 3rd period - Jeremy Williams is hit by Brad Stuart and loses puck.
5:57 of 3rd period - Snap shot by Marc Savard.
5:57 of 3rd period - Stopped by Carey Price without a rebound.
5:58 of 3rd period - Chris Kelly wins face-off versus Peter Worrell in Canucks zone.
5:59 of 3rd period - Wrist shot by Blake Wheeler.
5:59 of 3rd period - Stopped by Carey Price with a rebound.
6:01 of 3rd period - Slapshot by Mike Commodore.
6:01 of 3rd period - Stopped by Carey Price with a rebound.
6:05 of 3rd period - Slapshot by Blake Wheeler.
6:05 of 3rd period - Stopped by Carey Price with a rebound.
6:09 of 3rd period - Wrist shot by Ramzi Abid.
6:09 of 3rd period - Stopped by Carey Price with a rebound.
7:01 of 3rd period - Minor Penalty to Pavel Bure for Roughing.
7:02 of 3rd period - Marc Savard wins face-off versus Matt Stajan in Blue Jackets zone.
7:11 of 3rd period - Slapshot by Marc Savard.
7:11 of 3rd period - Shot Misses the Net.
7:44 of 3rd period - Blake Wheeler is hit by Peter Worrell and loses puck.
8:03 of 3rd period - Marcus Nilson is hit by Joe Sakic and loses puck.
9:01 of 3rd period - Penalty to Pavel Bure is over, Pavel Bure is back on ice.
9:06 of 3rd period - Brad Stuart is hit by Matt Stajan and loses puck.
9:17 of 3rd period - Wrist shot by Marcus Nilson.
9:17 of 3rd period - Shot Misses the Net.
9:21 of 3rd period - Snap shot by Jan Bulis.
9:21 of 3rd period - Stopped by Carey Price with a rebound.
9:25 of 3rd period - Wrist shot by Marcus Nilson.
9:25 of 3rd period - Shot Misses the Net.
9:27 of 3rd period - Snap shot by Marcus Nilson.
9:27 of 3rd period - Shot Misses the Net.
11:52 of 3rd period - Nils Ekman is hit by Ramzi Abid and loses puck.
12:08 of 3rd period - Andy Rogers is hit by Jeff Taffe.
12:30 of 3rd period - Joe Sakic is hit by Adam Deadmarsh and loses puck.
13:24 of 3rd period - Wade Redden is hit by Steve Montador and loses puck.
13:37 of 3rd period - David Booth is hit by Nikolai Zherdev and loses puck.
13:44 of 3rd period - Karl Alzner is hit by François Beauchemin and loses puck.
13:59 of 3rd period - David Jones is hit by Marcus Nilson.
14:15 of 3rd period - Andy Rogers is hit by Chris Kelly and loses puck.
15:05 of 3rd period - Snap shot by Nikolai Zherdev.
15:05 of 3rd period - Stopped by Rick DiPietro with a rebound.
15:42 of 3rd period - Kim Johnsson is hit by Kevin Bieksa and loses puck.
15:49 of 3rd period - Wade Redden is hit by Joe Sakic and loses puck.
15:54 of 3rd period - Slapshot by Clarke MacArthur.
15:54 of 3rd period - Shot Misses the Net.
16:00 of 3rd period - Snap shot by Clarke MacArthur.
16:00 of 3rd period - Shot Misses the Net.
16:14 of 3rd period - Wrist shot by Joe Sakic.
16:14 of 3rd period - Shot Misses the Net.
16:18 of 3rd period - Wrist shot by Joe Sakic.
16:18 of 3rd period - Shot Misses the Net.
16:20 of 3rd period - Slapshot by Clarke MacArthur.
16:20 of 3rd period - Shot Misses the Net.
16:22 of 3rd period - Wrist shot by David Jones.
16:22 of 3rd period - Stopped by Rick DiPietro with a rebound.
16:24 of 3rd period - Slapshot by Clarke MacArthur.
16:24 of 3rd period - Stopped by Rick DiPietro without a rebound.
16:25 of 3rd period - Matt Stajan wins face-off versus Marc Savard in Blue Jackets zone.
16:26 of 3rd period - Slapshot by Nikolai Zherdev.
16:26 of 3rd period - Stopped by Rick DiPietro with a rebound.
16:28 of 3rd period - Snap shot by Peter Worrell.
16:28 of 3rd period - Stopped by Rick DiPietro without a rebound.
16:29 of 3rd period - Marc Savard wins face-off versus Matt Stajan in Blue Jackets zone.
16:29 of 3rd period - Marc Savard is hit by Kim Johnsson.
16:43 of 3rd period - Wrist shot by Matt Stajan.
16:43 of 3rd period - Goal by Matt Stajan - Canucks : 2 - Blue Jackets : 2.
16:44 of 3rd period - Matt Stajan wins face-off versus Marc Savard in neutral zone.
16:51 of 3rd period - Wrist shot by Nikolai Zherdev.
16:51 of 3rd period - Shot Misses the Net.
16:53 of 3rd period - Slapshot by Peter Worrell.
16:53 of 3rd period - Stopped by Rick DiPietro without a rebound.
16:54 of 3rd period - Matt Stajan wins face-off versus Marc Savard in Blue Jackets zone.
16:55 of 3rd period - Slapshot by Alex Goligoski.
16:55 of 3rd period - Shot Misses the Net.
17:27 of 3rd period - Backhand shot by Marc Savard.
17:27 of 3rd period - Stopped by Carey Price with a rebound.
17:37 of 3rd period - Snap shot by Nikolai Zherdev.
17:37 of 3rd period - Goal by Nikolai Zherdev - Canucks : 3 - Blue Jackets : 2.
17:38 of 3rd period - Joe Sakic wins face-off versus Chris Kelly in neutral zone.
17:49 of 3rd period - Snap shot by Blake Wheeler.
17:49 of 3rd period - Shot Blocked by Kim Johnsson.
17:51 of 3rd period - Slapshot by Blake Wheeler.
17:51 of 3rd period - Shot Misses the Net.
17:53 of 3rd period - Snap shot by Ramzi Abid.
17:53 of 3rd period - Goal by Ramzi Abid - Canucks : 3 - Blue Jackets : 3.
17:54 of 3rd period - David Booth wins face-off versus Matt Stajan in neutral zone.
18:29 of 3rd period - Slapshot by Steve Montador.
18:29 of 3rd period - Stopped by Rick DiPietro with a rebound.
18:53 of 3rd period - Kim Johnsson is hit by Chris Kelly and loses puck.
Goals for this period are 2 for Canucks vs 1 for Blue Jackets.
Shots for this period are 13 for Canucks vs 10 for Blue Jackets.
Overtime #1
0:01 of 1st overtime period - Matt Stajan wins face-off versus Marc Savard in neutral zone.
0:11 of 1st overtime period - Snap shot by David Booth.
0:11 of 1st overtime period - Shot Misses the Net.
0:25 of 1st overtime period - Marc Savard is hit by Alex Goligoski and loses puck.
0:59 of 1st overtime period - Icing by Marcus Nilson.
1:00 of 1st overtime period - Matt Stajan wins face-off versus Marc Savard in Blue Jackets zone.
3:34 of 1st overtime period - Jeff Taffe is hit by Peter Worrell and loses puck.
4:06 of 1st overtime period - Karl Alzner is hit by Kevin Bieksa and loses puck.
4:10 of 1st overtime period - Icing by Joe Sakic.
4:11 of 1st overtime period - Pavel Bure wins face-off versus Joe Sakic in Canucks zone.
4:20 of 1st overtime period - Snap shot by Blake Wheeler.
4:20 of 1st overtime period - Deflect By Pavel Bure.
4:20 of 1st overtime period - Shot Misses the Net.
4:20 of 1st overtime period - Puck is out of play.
4:21 of 1st overtime period - Marc Savard wins face-off versus Matt Stajan in Canucks zone.
4:22 of 1st overtime period - Snap shot by David Booth.
4:22 of 1st overtime period - Shot Blocked by Karl Alzner.
4:34 of 1st overtime period - Marc Savard is hit by Matt Stajan and loses puck.
Goals for this period are 0 for Canucks vs 0 for Blue Jackets.
Shots for this period are 0 for Canucks vs 0 for Blue Jackets.
ShootOut
5:00 of 1st overtime period - Penalty Shot by Matt Stajan for Canucks.
5:00 of 1st overtime period - Wrist shot by Matt Stajan.
5:00 of 1st overtime period - Goal by Matt Stajan.
5:00 of 1st overtime period - Penalty Shot by Marc Savard for Blue Jackets.
5:00 of 1st overtime period - Snap shot by Marc Savard.
5:00 of 1st overtime period - Stopped by Carey Price.
5:00 of 1st overtime period - Penalty Shot by Peter Worrell for Canucks.
5:00 of 1st overtime period - Snap shot by Peter Worrell.
5:00 of 1st overtime period - Shot Hit the Post.
5:00 of 1st overtime period - Penalty Shot by David Booth for Blue Jackets.
5:00 of 1st overtime period - Wrist shot by David Booth.
5:00 of 1st overtime period - Shot Misses the Net.
5:00 of 1st overtime period - Penalty Shot by Clarke MacArthur for Canucks.
5:00 of 1st overtime period - Wrist shot by Clarke MacArthur.
5:00 of 1st overtime period - Goal by Clarke MacArthur.
Output by the SimonT Hockey Simulator (STHS) for François Prévost -- Original Page W3C XHTML 1.0 Valid